 Dungeon Crawl Stone Soup version 0.30-a0-424-g7412bad402 (webtiles) character file.

Game seed: 15709065458774983576

3720 ryw the Caller (level 9, -8/70 HPs)
             Began as a Demonspawn Summoner on Dec 9, 2022.
             Was an Initiate of Gozag.
             Mangled by an orc warrior
             ... wielding a +0 broad axe
              (17 damage)
             ... on level 7 of the Dungeon.
             The game lasted 00:24:01 (10460 turns).

ryw the Caller (Demonspawn Summoner)               Turns: 10460, Time: 00:24:03

Health: -8/70      AC:  4    Str:  9    XL:     9   Next: 92%
Magic:  4/17       EV: 18    Int: 20    God:    Gozag
Gold:   815        SH:  4    Dex: 14    Spells: 6/19 levels left

rFire   . . .      SeeInvis .      - Unarmed
rCold   . . .      Faith    .    (no shield)
rNeg    . . .      Spirit   .    a - +1 robe
rPois   .          Reflect  .    (no helmet)
rElec   .          Harm     .    (no cloak)
rCorr   .          Rampage  .    (no gloves)
Will    .....                    (no boots)
Stlth   ++........               (no amulet)
HPRegen 0.31/turn                d - +4 ring of evasion
MPRegen 0.15/turn                (no ring)

@: no status effects
A: claws 2, rugged brown scales 1, demonic guardian 1, condensation shield
a: Renounce Religion, Potion Petition, Call Merchant, Bribe Branch


You were on level 7 of the Dungeon.
You worshipped Gozag.
Gozag was pleased with you.
You visited 2 branches of the dungeon, and saw 8 of its levels.

You collected 882 gold pieces.
You paid 67 gold pieces to Gozag.

Inventory:

Hand Weapons
 c - a +1 short sword
Armour
 a - a +1 robe (worn)
 i - a +0 buckler
Jewellery
 d - a +4 ring of evasion (left claw)
Wands
 n - a wand of roots (7)
 o - a wand of polymorph (13)
 t - a wand of light (1)
Scrolls
 f - 5 scrolls of teleportation
 k - 7 scrolls of identify
 q - 4 scrolls of magic mapping
 u - a scroll of enchant armour
Potions
 b - a potion of magic
 e - 4 potions of attraction
 g - 3 potions of curing
 h - a potion of haste
 j - 4 potions of mutation
 l - a potion of ambrosia {unknown}
 m - a potion of heal wounds
 p - a potion of might


   Skills:
 + Level 5.5 Fighting
 + Level 5.4 Dodging
 - Level 1.7 Stealth
 + Level 4.9 Unarmed Combat
 + Level 5.7 Spellcasting
 - Level 5.0 Hexes
 + Level 7.0 Summonings
 + Level 3.0 Air Magic


You had 6 spell levels left.
You knew the following spells:

 Your Spells              Type           Power      Damage    Failure   Level
a - Call Canine Familiar  Summ           33%        N/A       1%          3
b - Call Imp              Summ           33%        N/A       1%          2
c - Summon Small Mammal   Summ           100%       N/A       1%          1
d - Summon Guardian Gole  Hex/Summ       29%        N/A       2%          3
e - Summon Lightning Spi  Summ/Air       25%        N/A       14%         4

Your spell library contained the following spells:

 Spells                   Type           Power      Damage    Failure   Level
 Confusing Touch          Hex            25%        N/A       4%          3
 Ensorcelled Hibernation  Hex/Ice        30%        N/A       6%          2
 Foxfire                  Conj/Fire      20%        2x1d5     11%         1
 Kiss of Death            Conj/Necr      20%        2d7       11%         1
 Gell's Gravitas          Tloc           5%         N/A       32%         3
 Lesser Beckoning         Tloc           10%        N/A       32%         3
 Ozocubu's Armour         Ice            5%         N/A       32%         3
 Spider Form              Tmut/Pois      5%         N/A       32%         3
 Teleport Other           Tloc           5%         N/A       32%         3
 Anguish                  Hex/Necr       7%         N/A       36%         4
 Dispel Undead            Necr           5%         3d7       71%         4
 Metabolic Englaciation   Hex/Ice        7%         N/A       71%         5
 Fireball                 Conj/Fire      2%         3d4       96%         5
 Starburst                Conj/Fire      2%         6d3       100%        6
 Simulacrum               Ice/Necr       Unusable   N/A       N/A         6

Dungeon Overview and Level Annotations

Branches:
Dungeon (7/15)             Temple (1/1) D:5

Altars:
Ashenzari
Cheibriados
Dithmenos
Fedhas
Gozag
Hepliaklqana
Kikubaaqudgha
Makhleb
Nemelex Xobeh
Okawaru
Qazlal
Ru
Sif Muna
Trog
Uskayaw
Vehumet
Wu Jian
Xom
Yredelemnul

Shops:
D:5 [


Innate Abilities, Weirdness & Mutations

You have very sharp fingernails.
You are partially covered in rugged brown scales. (AC +1, +3% HP)
A weak demonic guardian rushes to your aid.
A meltable shield of frost defends you. (SH +4)


Message History

You swap places.
Your hound bites the orc warrior but does no damage.
You block the orc warrior's attack.
The orc warrior hits your hound with a +0 broad axe!
Your hound dies!
Your hound's corpse disappears in a puff of smoke!
The orc warrior hits your guardian golem but does no damage.
The orc warrior attacks as you move away!
The orc warrior closely misses you.
The orc warrior hits your guardian golem with a +0 broad axe.
The orc warrior attacks as you move away!
The orc warrior hits you with a +0 broad axe!
The orc warrior completely misses your guardian golem.
You scratch the orc warrior but do no damage.
The orc warrior is lightly wounded.
You block the orc warrior's attack.
The orc warrior hits your guardian golem with a +0 broad axe.
You block the orc warrior's attack.
The orc warrior hits your guardian golem but does no damage.
You swap places.
The orc warrior barely misses you.
The orc warrior hits your guardian golem but does no damage.
The orc warrior hits you with a +0 broad axe!
The orc warrior hits your guardian golem with a +0 broad axe!
The orc warrior attacks as you move away!
The orc warrior closely misses you.
The orc warrior hits your guardian golem but does no damage.
The orc warrior attacks as you move away!
You block the orc warrior's attack.
Casting: Summon Guardian Golem (mildly dangerous; 2% risk of failure)
Confirm with . or Enter, or press ? or * to list all spells.
A guardian golem appears, shielding your allies.
The orc warrior barely misses you.
The orc warrior attacks as you move away!
The orc warrior hits you with a +0 broad axe!!
* * * LOW HITPOINT WARNING * * *
Casting: Summon Guardian Golem (mildly dangerous; 2% risk of failure)
Confirm with . or Enter, or press ? or * to list all spells.
The orc warrior hits you with a +0 broad axe!
You die...
Your body crumbles into a pile of gold.

.....#####.....)..........⌠......
.....# ##......................
.....# ##.........###.....####
.....# ##.......##.'#...#..##
#....## #.......#...#...#...#
##....# ##......#>.##...##.>#
......# #......#####....####
......# ##...h.# #...### ......#
#.@..# #.### .....## #.o9######.#
....## ##.###.....# ##..#
#.....##### #..# ####..# #..#
##..## #..# #..##### #..#
##...#.## #..# ##..9..#


You could see an orc warrior (ally target), a friendly guardian golem (summoned)
and a friendly hound (summoned).

Vanquished Creatures
  An ice beast (D:7)
  A phantom (D:6)
  A bullfrog (D:6)
  3 necrophages (D:5)
  An iguana (D:4)
  An orc wizard (D:6)
  4 adders
  2 white imps
  5 orcs
  An endoplasm (D:1)
  2 giant cockroaches
  A quokka (D:5)
  A ball python (D:1)
  A bat (D:2)
  2 frilled lizards
  4 goblins
  3 kobolds
  2 rats
36 creatures vanquished.

Vanquished Creatures (collateral kills)
  Grinder (D:3)
  A nameless horror (D:7)
  A yak (D:7)
  Menkaure (D:7)
  Duvessa (D:7)
  An ogre (D:7)
  A phantom (D:5)
  A lemure (D:7)
  A kobold brigand (D:7)
  2 necrophages
  2 scorpions
  3 wights (D:7)
  Dowan (D:7)
  2 howler monkeys
  2 orc priests (D:5)
  6 hounds
  Terence (D:2)
  3 iguanas
  2 orc wizards
  7 adders
  A white imp (D:5)
  A worm (D:2)
  2 dart slugs (D:1)
  20 orcs
  2 ball pythons
  A bat (D:1)
  5 endoplasms
  A giant cockroach (D:1)
  10 goblins
  8 hobgoblins
  5 kobolds
  3 quokkas
  5 frilled lizards
  5 rats
109 creatures vanquished.

Vanquished Creatures (others)
  Pikel (D:7)
  A gargoyle (D:6)
  2 yaks (D:7)
  An ice beast (D:5)
  An ogre (D:4)
  A black bear (D:6)
  A lemure (D:7)
  Robin (D:4)
  An ufetubus (D:5)
  An orc (D:4)
  4 plants (D:3)
15 creatures vanquished.

Grand Total: 160 creatures vanquished

Notes
Turn   | Place    | Note
-------+----------+-------------------------------------------
     0 | D:1      | ryw the Demonspawn Summoner began the quest for the Orb.
     0 | D:1      | Reached XP level 1. HP: 13/13 MP: 3/3
   423 | D:1      | Gained mutation: You have sharp fingernails. [demonic
                  | ancestry]
   423 | D:1      | Reached XP level 2. HP: 15/19 MP: 1/5
   666 | D:1      | Learned a level 2 spell: Call Imp
  1088 | D:1      | Reached XP level 3. HP: 20/25 MP: 4/6
  1856 | D:2      | Learned a level 3 spell: Call Canine Familiar
  2168 | D:2      | Reached skill level 1 in Fighting
  2320 | D:2      | Reached skill level 1 in Unarmed Combat
  2402 | D:2      | Gained mutation: A meltable shield of frost defends you.
                  | (SH +4) [demonic ancestry]
  2402 | D:2      | Reached XP level 4. HP: 25/32 MP: 5/8
  2515 | D:2      | Noticed Terence
  2600 | D:2      | Killed Terence
  2676 | D:2      | Found a faded altar of an unknown god.
  3127 | D:3      | Reached XP level 5. HP: 37/37 MP: 6/9
  3671 | D:3      | Learned a level 3 spell: Summon Guardian Golem
  3770 | D:4      | Noticed Robin
  3775 | D:4      | Noticed Grinder
  4006 | D:4      | Paralysed by Grinder for 5 turns
  4118 | D:3      | Killed Grinder
  4119 | D:3      | Reached skill level 1 in Hexes
  4119 | D:3      | Reached skill level 5 in Summonings
  4119 | D:3      | Gained mutation: You are partially covered in rugged brown
                  | scales. (AC +1, +3% HP) [demonic ancestry]
  4119 | D:3      | Reached XP level 6. HP: 11/47 MP: 5/11
  4400 | D:4      | Killed Robin
  4532 | D:4      | Found the +6 shillelagh "Devastator" {shatter}
  4556 | D:4      | Gained mutation: A weak demonic guardian rushes to your
                  | aid. [demonic ancestry]
  4556 | D:4      | Reached XP level 7. HP: 28/52 MP: 2/12
  4710 | D:4      | Found a hazy altar of Hepliaklqana.
  4996 | D:5      | Entered Level 5 of the Dungeon
  4996 | D:5      | Found a staircase to the Ecumenical Temple.
  5065 | Temple   | Entered the Ecumenical Temple
  5420 | Temple   | Became a worshipper of Gozag Ym Sagoz the Greedy
  5692 | D:5      | Learned a level 4 spell: Summon Lightning Spire
  6531 | D:5      | Reached XP level 8. HP: 59/59 MP: 8/14
  7142 | D:5      | Found Dorhet Nomn's Armour Boutique.
  7606 | D:6      | Reached skill level 6 in Summonings
  7836 | D:6      | Reached skill level 1 in Air Magic
  8528 | D:6      | Noticed a gargoyle
  8538 | D:6      | Killed a gargoyle
  8539 | D:6      | Gained mutation: You have very sharp fingernails. [demonic
                  | ancestry]
  8539 | D:6      | Reached XP level 9. HP: 66/67 MP: 8/16
  8654 | D:7      | Noticed Pikel
  8675 | D:7      | Killed Pikel
  8676 | D:7      | Reached skill level 5 in Spellcasting
  9139 | D:7      | Noticed Menkaure
  9144 | D:7      | Killed Menkaure
  9145 | D:7      | Reached skill level 5 in Fighting
  9145 | D:7      | Reached skill level 5 in Dodging
  9515 | D:7      | Noticed Duvessa
  9549 | D:7      | Noticed Dowan
  9556 | D:7      | Noticed a nameless horror
  9699 | D:7      | Killed Duvessa
  9725 | D:7      | Killed Dowan
  9834 | D:7      | Killed a nameless horror
 10054 | D:7      | Reached skill level 7 in Summonings
 10232 | D:7      | Reached skill level 5 in Hexes
 10460 | D:7      | Mangled by an orc warrior

Illustrated notes

Levels and vault maps discovered:
D:1:      matt_arrival_grand_opening, layout_basic
D:2:      layout_basic, hellmonk_ecumenical_altar_heavens_door, uniq_terence
D:3:      layout_basic, serial_bayou_pond_a
D:4:      layout_rooms, kennysheep_mini_moat, minmay_stone_trees_small,
          dilly_guarded_unrand_devastator, uniq_grinder, uniq_robin
D:5:      minmay_razor_zed, layout_cave_pods, temple_statues, serial_shops,
          nicolae_diamond_shop
D:6:      layout_loops_ring, kennysheep_crisscross, minmay_microvault
D:7:      kennysheep_seaside_town, layout_cave_pods, enter_bailey_6,
          grunt_ministairs_6, uniq_pikel, uniq_menkaure, uniq_duvessa
Temple:   mainiacjoe_temple_circle_huts

Skill      XL: |  1  2  3  4  5  6  7  8  9 |
---------------+----------------------------+-----
Dodging        | 2 3 4 5 |  5.4
Fighting       | 1 2 3 4 5 |  5.5
Unarmed Combat | 1 2 3 4 |  4.9
Spellcasting   | 3 4 5 |  5.7
Hexes          | 1 2 3 5 |  5.0
Summonings     | 5 6 7 |  7.0
Air Magic      | 1 3 |  3.0
Stealth        | |  1.7

Action                   |  1- 3 |  4- 6 |  7- 9 || total
-------------------------+-------+-------+-------++-------
Melee: Short sword       |     6 |       |       ||     6
       Punch             |     1 |     1 |     6 ||     8
       Unarmed           |    49 |    41 |   176 ||   266
       Shillelagh        |       |       |     1 ||     1
 Cast: Summon Small Mamm |    46 |     8 |    23 ||    77
       Call Imp          |    18 |    19 |    46 ||    83
       Call Canine Famil |     7 |    18 |    52 ||    77
       Summon Guardian G |       |     2 |    12 ||    14
       Summon Lightning  |       |       |    10 ||    10
  Use: Scroll            |     4 |     2 |    10 ||    16
       Potion            |       |       |     5 ||     5
 Stab: Sleeping          |       |     1 |       ||     1
       Distracted        |       |       |     1 ||     1
Armor: Robe              |    11 |     4 |    17 ||    32
       Skin              |       |       |     4 ||     4
Dodge: Dodged            |    68 |    27 |   133 ||   228
Block: Other             |       |    11 |    25 ||    36

Table legend: (Time is in decaauts)
 A = Elapsed time spent in this place.
 B = Non-inter-level travel time spent in this place.
 C = Inter-level travel time spent in this place.
 D = Time resting spent in this place.
 E = Time spent auto-exploring this place.
 F = Levels seen in this place.
 G = Mean time per level.
                   A        B        C        D        E       F      G
               +--------+--------+--------+--------+--------+-----+--------+
         Total |  10437 |  10149 |    288 |   1381 |   6876 |   8 | 1304.6 |
       Dungeon |  10060 |   9850 |    210 |   1381 |   6604 |   7 | 1437.1 |
        Temple |    377 |    299 |     78 |      0 |    272 |   1 |  377.0 |
               +--------+--------+--------+--------+--------+-----+--------+

Top non-repeatable levels by time:
     D:5: 2055 daAuts
     D:1: 1684 daAuts
     D:7: 1635 daAuts
     D:6: 1374 daAuts
     D:2: 1222 daAuts
     D:3: 1218 daAuts
     D:4: 869 daAuts
  Temple: 377 daAuts
